 Dungeon Crawl Stone Soup version 0.19.1 (webtiles) character file.

3156 Firecrotchwizard the Fighter (level 9, -1/85 HPs)
             Began as a Minotaur Berserker on Dec 21, 2016.
             Was an Elder of Trog.
             Slain by a killer bee (5 damage)
             ... on level 8 of the Dungeon.
             The game lasted 00:24:08 (6110 turns).

Firecrotchwizard the Fighter (Minotaur Berserker)   Turns: 6110, Time: 00:24:09

Health: -1/85      AC: 21    Str: 22    XL:     9   Next: 62%
Magic:  8/8        EV:  9    Int:  4    God:    Trog [****..]
Gold:   337        SH:  5    Dex: 13    Spells: 0 memorised, 8 levels left

rFire  . . .     SeeInvis .     G - +0 flail (protect)
rCold  . . .     Gourm    .     F - +0 plate armour
rNeg   . . .     Faith    +     x - +0 buckler
rPois  .         Spirit   .     (helmet restricted)
rElec  .         Reflect  .     (no cloak)
rCorr  .         Harm     .     C - +0 pair of gloves
MR     .....                    (no boots)
Stlth  ..........               r - amulet of faith
                                (no ring)
                                (no ring)

@: lethally poisoned (-1 -> -35), exhausted, protection aura, slowed, very slow
A: retaliatory headbutt, horns 2
a: Berserk, Trog's Hand, Brothers in Arms, Burn Spellbooks, Renounce Religion


You were on level 8 of the Dungeon.
You worshipped Trog.
Trog was greatly pleased with you.
You were near starving.

You visited 1 branch of the dungeon, and saw 8 of its levels.

You collected 337 gold pieces.

Inventory:

Hand Weapons
 G - a +0 flail of protection (weapon)
Missiles
 b - 12 tomahawks (quivered)
Armour
 x - a +0 buckler (worn)
 C - a +0 pair of gloves (worn)
 F - a +0 plate armour (worn)
Jewellery
 r - an amulet of faith (around neck)
Wands
 p - a wand of paralysis (16/24)
 y - a wand of iceblast (13/15)
Scrolls
 e - 7 scrolls of remove curse
 h - 3 scrolls of teleportation
 j - a scroll of noise
 m - 8 scrolls of identify
 v - 2 scrolls of magic mapping
 E - a scroll of immolation {unknown}
Potions
 d - 3 potions of curing
 g - a potion of resistance {unknown}
 i - a potion of mutation {unknown}
 k - 5 potions of degeneration
 q - 4 potions of agility
 s - a potion of brilliance {unknown}
 u - a potion of cure mutation {unknown}
 w - a potion of experience {unknown}
 A - 3 potions of flight
 B - a potion of heal wounds {unknown}
 D - a potion of magic {unknown}
Comestibles
 c - 4 bread rations
 f - a beef jerky
 n - 3 meat rations
 o - 4 fruits


   Skills:
 * Level 9.7 Fighting
 * Level 9.2 Maces & Flails
 + Level 6.4 Armour
 + Level 5.9 Dodging
 + Level 5.9 Shields


You had 8 spell levels left.
You didn't know any spells.

Dungeon Overview and Level Annotations

Branches:
Dungeon (8/15)             Temple (0/1) D:4
   Lair: D:8-11

Altars:
Gozag
Hepliaklqana
Nemelex Xobeh
Sif Muna
Zin


Innate Abilities, Weirdness & Mutations

You reflexively headbutt those who attack you in melee.
You have a pair of horns on your head.


Message History

The killer bee poisons you! You block the killer bee's attack.
The killer bee stings you.
* * * LOW HITPOINT WARNING * * *
You are more poisoned.
The killer bee poisons you! You block the killer bee's attack.
The queen bee closely misses you. You furiously retaliate!
You headbutt the queen bee, but do no damage.
The killer bee stings you but does no damage.
You are too injured to fight recklessly!
Your plate armour prevents you from hitting the queen bee.
The queen bee is lightly wounded.
* * * LOW HITPOINT WARNING * * *
You feel very sick.
The killer bee stings you but does no damage.
The killer bee closely misses you.
The killer bee stings you but does no damage. x2
You block the killer bee's attack.
The queen bee stings you but does no damage.
The killer bee stings you.
You die...

..##.....
#........
#........
#........
#.........
#.........
#y†.....#
#@y.....#
#.y.....#
#.......#
##.......#+####
#.............#
#.............#
#.............#
#.............#
#.............#


You could see a queen bee and 2 killer bees.

Vanquished Creatures
  The ghost of Kook the Skirmisher, a novice DsBe of Trog (D:6)
  A hippogriff (D:8)
  Eustachio (D:5)
  Menkaure (D:6)
  A water moccasin (D:7)
  2 phantoms
  A necrophage (D:7)
  2 orc warriors (D:7)
  3 ogres
  A big kobold (D:7)
  2 bullfrogs
  A scorpion (D:5)
  8 killer bees (D:8)
  5 wights (D:6)
  A howler monkey (D:5)
  A centaur zombie (D:5)
  3 hounds
  A bullfrog skeleton (D:5)
  A gnoll shaman (D:6)
  An iguana (D:6)
  2 orc wizards (D:7)
  10 worker ants
  6 adders
  5 gnolls (D:6)
  A howler monkey skeleton (D:7)
  A shadow imp (D:8)
  2 adder skeletons
  3 worms
  3 dart slugs
  2 leopard geckos
  11 orcs
  2 ball pythons
  6 giant cockroaches
  7 hobgoblins
  11 jackals
  7 kobolds
  2 quokkas
  9 bats
  4 frilled lizards
  12 goblins
  A quokka skeleton (D:7)
  8 rats
153 creatures vanquished.

Notes
Turn   | Place    | Note
-------+----------+-------------------------------------------
     0 | D:1      | Firecrotchwizard the Minotaur Berserker began the quest for the Orb.
     0 | D:1      | Reached XP level 1. HP: 19/19 MP: 0/0
   217 | D:1      | Reached XP level 2. HP: 27/27 MP: 1/1
  1099 | D:2      | Reached XP level 3. HP: 33/33 MP: 2/2
  1160 | D:2      | Reached ** piety under Trog
  1651 | D:3      | Reached XP level 4. HP: 41/41 MP: 3/3
  1944 | D:3      | Found an opulent altar of Gozag.
  2497 | D:4      | Found a staircase to the Ecumenical Temple.
  2756 | D:4      | Reached skill level 5 in Fighting
  2756 | D:4      | Reached skill level 1 in Shields
  2756 | D:4      | Reached XP level 5. HP: 44/48 MP: 4/4
  2947 | D:5      | Entered Level 5 of the Dungeon
  3024 | D:5      | Reached skill level 5 in Maces & Flails
  3104 | D:5      | Reached XP level 6. HP: 50/56 MP: 5/5
  3180 | D:5      | Noticed Eustachio
  3211 | D:5      | Killed Eustachio
  3211 | D:5      | Reached XP level 7. HP: 25/64 MP: 6/6
  3459 | D:5      | Reached *** piety under Trog
  3951 | D:6      | Found a sparkling altar of Nemelex Xobeh.
  4023 | D:6      | Noticed Kook's ghost (novice DsBe)
  4027 | D:6      | Noticed Menkaure
  4035 | D:6      | Killed Kook's ghost
  4035 | D:6      | Reached skill level 5 in Armour
  4035 | D:6      | Reached XP level 8. HP: 74/74 MP: 7/7
  4037 | D:6      | Killed Menkaure
  4430 | D:6      | Reached skill level 5 in Dodging
  4615 | D:6      | Found a faded altar of an unknown god.
  4615 | D:6      | Found a faded altar of an unknown god.
  4620 | D:6      | Found a deep blue altar of Sif Muna.
  4622 | D:6      | Found a faded altar of an unknown god.
  4623 | D:6      | Found a hazy altar of Hepliaklqana.
  4751 | D:7      | Reached **** piety under Trog
  4905 | D:7      | Reached skill level 5 in Shields
  4967 | D:7      | Reached XP level 9. HP: 55/82 MP: 8/8
  6054 | D:8      | Found a glowing silver altar of Zin.
  6097 | D:8      | Noticed a queen bee
  6110 | D:8      | HP: 4/85 [poisoned by a killer bee]
  6110 | D:8      | Slain by a killer bee

Skill      XL: |  1  2  3  4  5  6  7  8  9 |
---------------+----------------------------+-----
Fighting       | 4 5 6 7 8 9 |  9.7
Maces & Flails | 4 5 7 8 9 |  9.2
Armour         | 3 4 5 6 |  6.4
Dodging        | 3 4 5 |  5.9
Shields        | 1 2 4 5 |  5.9

Action                   |  1- 3 |  4- 6 |  7- 9 || total
-------------------------+-------+-------+-------++-------
Melee: Mace              |    73 |   109 |   145 ||   327
       Headbutt          |    15 |    22 |    58 ||    95
       Flail             |       |       |   133 ||   133
Invok: Berserk           |       |     1 |     4 ||     5
       Trog's Hand       |       |     1 |     1 ||     2
       Burn Spellbooks   |       |       |     1 ||     1
  Use: Scroll            |     1 |    10 |     2 ||    13
 Stab: Sleeping          |     1 |       |       ||     1
  Eat: Chunk             |     2 |     5 |    11 ||    18
       Royal jelly       |       |       |     1 ||     1
Armor: Ring mail         |    16 |    35 |    41 ||    92
       Animal skin       |     4 |       |       ||     4
       Plate armour      |       |       |   105 ||   105
Dodge: Dodged            |    37 |    67 |   136 ||   240
Block: Buckler           |       |    13 |    59 ||    72
